 Dungeon Crawl Stone Soup version 0.18-b1-10-g3f7de93 (webtiles) character file.

5241 RudyRod the Firebug (level 10, -6/67 HPs)
             Began as a Demonspawn Fire Elementalist on Apr 29, 2016.
             Was an Elder of Sif Muna.
             Mangled by an eight-headed hydra (11 damage)
             ... on level 2 of the Lair of Beasts.
             The game lasted 01:55:03 (11366 turns).

RudyRod the Firebug (Demonspawn Fire Elementalist) Turns: 11366, Time: 01:55:06

Health: -6/67      AC:  7    Str:  9    XL:     10   Next: 36%
Magic:  17/21      EV: 10    Int: 19    God:    Sif Muna [****..]
Gold:   514        SH:  0    Dex: 14    Spells: 5 memorised, 10 levels left

rFire  . . .     SeeInvis .     x - +3 short sword (speed)
rCold  . . .     Gourm    .     a - +2 robe
rNeg   . . .     Faith    .     (no shield)
rPois  .         Spirit   .     (helmet restricted)
rElec  .         Dismiss  .     N - +0 cloak
rCorr  .         Reflect  .     (no gloves)
SustAt .         Harm     .     (no boots)
MR     +....                    A - amulet of magic regeneration
Stlth  +++++.....               (no ring)
                                Q - ring of protection from magic

@: somewhat resistant to hostile enchantments, quite stealthy
A: horns 2, slimy green scales 1, nightstalker 2, powered by death 2
a: Channel Energy, Forget Spell, Renounce Religion


You were on level 2 of the Lair of Beasts.
You worshipped Sif Muna.
Sif Muna was greatly pleased with you.
You were hungry.

You visited 3 branches of the dungeon, and saw 11 of its levels.

You collected 514 gold pieces.

Inventory:

Hand Weapons
 g - a +0 short sword
 x - a +3 short sword of speed (weapon)
 D - a +4 blowgun
 J - a +3 spear
Missiles
 o - 7 exploding tomahawks (quivered)
Armour
 a - a +2 robe (worn)
 k - a +0 animal skin
 q - a cursed +0 helmet
 r - the +1 leather armour "Pyseffem" {-Cast +Inv MP+9 Int+10}
   (You found it on level 4 of the Dungeon)

   It affects your intelligence (+10).
   It affects your magic capacity (+9).
   It lets you turn invisible.
   It prevents spellcasting.
 w - a +0 robe
 F - a +2 chain mail of cold resistance
 N - a +0 cloak (worn)
 R - a +0 helmet
Jewellery
 A - an amulet of magic regeneration (around neck)
 Q - a ring of protection from magic (left hand)
Wands
 f - a wand of teleportation (4/9)
 y - a wand of flame (26/48)
 G - a wand of lightning (2/15)
 M - a wand of lightning (7/15)
Scrolls
 e - a scroll of fog
 m - 2 scrolls of remove curse
 s - a scroll of amnesia
 t - a scroll of noise {unknown}
 z - a scroll of blinking
 H - 2 scrolls of teleportation {unknown}
 I - a scroll of enchant armour
 L - a scroll of enchant weapon {unknown}
 O - a scroll of magic mapping {unknown}
 P - 2 scrolls of identify
Potions
 d - a potion of brilliance
 l - 3 potions of lignification {unknown}
 p - a potion of berserk rage {unknown}
 v - 2 potions of agility {unknown}
 B - a potion of might {unknown}
 C - a potion of resistance {unknown}
 E - a potion of beneficial mutation {unknown}
Books
 b - a book of Flames

   Spells                             Type                      Level
   a - Flame Tongue                   Conjuration/Fire             1
   b - Throw Flame                    Conjuration/Fire             2
   c - Conjure Flame                  Conjuration/Fire             3
   d - Inner Flame                    Hexes/Fire                   3
   e - Sticky Flame                   Conjuration/Fire             4
   f - Fireball                       Conjuration/Fire             5
 j - a book of Air

   Spells                             Type                      Level
   a - Shock                          Conjuration/Air              1
   b - Swiftness                      Charms/Air                   2
   c - Repel Missiles                 Charms/Air                   2
   d - Static Discharge               Conjuration/Air              3
   e - Lightning Bolt                 Conjuration/Air              5
 n - an Akashic Record

   Spells                             Type                      Level
   a - Dispersal                      Translocation                6
   b - Malign Gateway                 Summoning/Translocation      7
   c - Disjunction                    Translocation                8
   d - Controlled Blink               Translocation                8
 S - a book of Misfortune

   Spells                             Type                      Level
   a - Confusing Touch                Hexes                        2
   b - Confuse                        Hexes                        3
   c - Gell's Gravitas                Hexes/Translocation          3
   d - Petrify                        Transmutation/Earth          4
   e - Metabolic Englaciation         Hexes/Ice                    5
   f - Yara's Violent Unravelling     Hexes/Transmutation          5
Comestibles
 c - 7 bread rations
 h - 4 meat rations
 i - a beef jerky
 K - 2 royal jellies


   Skills:
 + Level 2.0 Fighting
 + Level 1.4 Short Blades
 + Level 5.9 Dodging
 + Level 3.8 Stealth
 + Level 7.3 Spellcasting
 + Level 7.5 Conjurations
 + Level 7.5 Fire Magic
 + Level 1.4 Air Magic
 + Level 0.6 Invocations


You had 10 spell levels left.
You knew the following spells:

 Your Spells              Type           Power        Failure   Level  Hunger
a - Flame Tongue          Conj/Fire      #####        1%          1    None
b - Throw Flame           Conj/Fire      #####.       1%          2    None
d - Sticky Flame          Conj/Fire      #####...     6%          4    ###....
e - Fireball              Conj/Fire      #####.....   14%         5    #####..
f - Shock                 Conj/Air       ###.         1%          1    None


Dungeon Overview and Level Annotations

Branches:
Dungeon (8/15)             Temple (1/1) D:5            Lair (2/8) D:8

Altars:
Ashenzari
Cheibriados
Dithmenos
Elyvilon
Fedhas
Gozag
Kikubaaqudgha
Makhleb
Nemelex Xobeh
Okawaru
Pakellas
Qazlal
Ru
Sif Muna
Trog
Vehumet
Xom
Yredelemnul
Zin
The Shining One

Shops:
D:3 *

Annotations:
Lair:1 Harold


Innate Abilities, Weirdness & Mutations

You have a pair of horns on your head.
You are partially covered in slimy green scales (AC +2).
You are significantly more attuned to the shadows.
You regenerate health from kills.


Message History

Aim: an eight-headed hydra (moderately wounded)
The puff of flame hits the eight-headed hydra.
The eight-headed hydra is moderately wounded.
You drop a box of beasts.
The eight-headed hydra bites you but does no damage.
The eight-headed hydra misses you. The eight-headed hydra bites you! x2
The eight-headed hydra closely misses you.
The eight-headed hydra misses you. The eight-headed hydra bites you! x2
Drink which item? (? for menu, Esc to quit)
Okay, then.
You are feeling hungry.
There is an escape hatch in the ceiling here.
The eight-headed hydra bites you!
* * * LOW HITPOINT WARNING * * *
The eight-headed hydra bites you!
* * * LOW HITPOINT WARNING * * *
The eight-headed hydra bites you.
* * * LOW HITPOINT WARNING * * *
The eight-headed hydra bites you!
You die...

#............................
#.###.#.#.###........PP.P.#..
#...#...##....#.......##....##
##............................
#.....#...#........P.#...#...
#............................
..PP......##...##P.P..P......
....#..)..####.##..P..#......
#...........@................
..#.........D..#....>.......#
#............................
.#..###..}P..#.......P#....#
...........................
..............P.P......PP.#
.........................
#.P##......#......P..#..P
.........................


You could see an eight-headed hydra.

Vanquished Creatures
  A spiny frog (Lair:2)
  4 blink frogs (Lair:1)
  3 hippogriffs
  The ghost of SkaryMonk the Cutter, an amateur OpAs of Nemelex Xobeh (D:3)
  6 porcupines
  4 water moccasins
  2 ice beasts (D:7)
  A phantom (D:7)
  An ogre (D:7)
  4 wolves (Lair:2)
  3 crocodiles
  Blork the orc (D:4)
  3 giant frogs
  2 water moccasin skeletons
  A scorpion (D:4)
  A water moccasin zombie (D:6)
  2 crimson imps (D:6)
  A giant frog zombie (D:6)
  A quasit (D:6)
  3 centaur zombies (D:6)
  2 orc wizards (D:6)
  A giant frog skeleton (D:6)
  2 hounds (D:7)
  3 orc priests
  A jelly (D:6)
  3 iguanas
  2 worker ants
  8 sheep (Lair:2)
  2 hound zombies (D:6)
  2 hound skeletons (D:6)
  Robin (D:2)
  2 worker ant zombies (D:6)
  10 adders
  15 gnolls
  A shadow imp (D:6)
  12 white imps (Lair:2)
  3 oozes
  An adder zombie (D:5)
  4 worms
  3 dart slugs
  3 giant geckos
  10 orcs
  2 ball pythons
  5 giant cockroaches
  20 goblins
  10 hobgoblins
  7 jackals
  3 quokkas
  3 bats
  A giant cockroach zombie (D:5)
  A giant gecko skeleton (D:8)
  A giant newt (D:3)
  A jackal skeleton (D:6)
  A jackal zombie (D:6)
  11 kobolds
  A quokka skeleton (D:6)
  A quokka zombie (D:6)
  8 rats
212 creatures vanquished.

Vanquished Creatures (others)
  A fungus (Lair:2)
1 creature vanquished.

Grand Total: 213 creatures vanquished

Notes
Turn   | Place    | Note
--------------------------------------------------------------
     0 | D:1      | RudyRod the Demonspawn Fire Elementalist began the quest for the Orb.
     0 | D:1      | Reached XP level 1. HP: 13/13 MP: 3/3
   109 | D:1      | Gained mutation: You have a pair of small horns on your head. [demonic ancestry]
   109 | D:1      | Reached XP level 2. HP: 15/19 MP: 0/5
   964 | D:1      | Reached XP level 3. HP: 24/24 MP: 4/6
  1445 | D:2      | Noticed Robin
  1641 | D:1      | Learned a level 2 spell: Throw Flame
  2171 | D:2      | Killed Robin
  2171 | D:2      | Gained mutation: You have a pair of horns on your head. [demonic ancestry]
  2171 | D:2      | Reached XP level 4. HP: 19/30 MP: 1/7
  2993 | D:3      | Noticed SkaryMonk's ghost (amateur OpAs)
  3220 | D:3      | Gained mutation: You are slightly more attuned to the shadows. [demonic ancestry]
  3220 | D:3      | Reached XP level 5. HP: 35/35 MP: 0/9
  3617 | D:3      | Found an opulent altar of Gozag.
  3668 | D:3      | Found Gozag's Platinum Reserve.
  4756 | D:4      | Got a translucent leather armour
  4767 | D:4      | Identified the +1 leather armour "Pyseffem" {-Cast +Inv MP+9 Int+10} (You found it on level 4 of the Dungeon)
  4793 | D:4      | Learned a level 3 spell: Inner Flame
  5320 | D:4      | Found a deep blue altar of Sif Muna.
  5320 | D:4      | Found an iron altar of Okawaru.
  5389 | D:4      | Found an oddly glowing altar of Pakellas.
  5408 | D:4      | Reached XP level 6. HP: 21/41 MP: 0/11
  5496 | D:4      | Found a glowing golden altar of the Shining One.
  5496 | D:4      | Found an opulent altar of Gozag.
  5502 | D:4      | Found a sacrificial altar of Ru.
  5538 | D:4      | Became a worshipper of Sif Muna the Loreminder
  5598 | D:4      | Noticed Blork the orc
  5606 | D:4      | Killed Blork the orc
  5920 | D:3      | Killed SkaryMonk's ghost
  5920 | D:3      | Gained mutation: You regenerate a little health from kills. [demonic ancestry]
  5920 | D:3      | Reached XP level 7. HP: 47/47 MP: 5/12
  6006 | D:5      | Entered Level 5 of the Dungeon
  6223 | D:5      | Found a staircase to the Ecumenical Temple.
  6236 | Temple   | Entered the Ecumenical Temple
  6488 | D:5      | Learned a level 4 spell: Sticky Flame
  6528 | D:5      | Found a stormy altar of Qazlal.
  6660 | D:5      | Found an ancient bone altar of Kikubaaqudgha.
  7354 | D:6      | Reached * piety under Sif Muna
  7422 | D:6      | Reached skill level 5 in Fire Magic
  7978 | D:6      | Gained mutation: You are partially covered in slimy green scales (AC +2). [demonic ancestry]
  7978 | D:6      | Reached XP level 8. HP: 53/53 MP: 7/14
  8076 | D:6      | Found a burning altar of Makhleb.
  8079 | D:6      | Noticed a green death
  8227 | D:6      | Reached skill level 1 in Short Blades
  8470 | D:7      | Reached ** piety under Sif Muna
  8470 | D:7      | Reached skill level 5 in Spellcasting
  8541 | D:7      | Reached skill level 1 in Fighting
  8579 | D:7      | Reached skill level 5 in Conjurations
  8669 | D:7      | Learned a level 5 spell: Fireball
  9228 | D:7      | Reached skill level 5 in Dodging
  9442 | D:8      | Learned a level 1 spell: Shock
  9492 | D:8      | Gained mutation: You are significantly more attuned to the shadows. [demonic ancestry]
  9492 | D:8      | Reached XP level 9. HP: 59/59 MP: 4/17
  9563 | D:8      | Found a staircase to the Lair.
  9576 | Lair:1   | Entered Level 1 of the Lair of Beasts
 10101 | Lair:1   | Reached *** piety under Sif Muna
 10101 | Lair:1   | Reached skill level 1 in Air Magic
 10294 | Lair:1   | Noticed Harold
 10515 | Lair:2   | Noticed a spiny frog
 10522 | Lair:2   | Killed a spiny frog
 10790 | Lair:2   | Noticed an eight-headed hydra
 10818 | Lair:2   | Gained mutation: You regenerate health from kills. [demonic ancestry]
 10818 | Lair:2   | Reached XP level 10. HP: 60/67 MP: 2/20
 10826 | Lair:2   | Reached **** piety under Sif Muna
 11366 | Lair:2   | Mangled by an eight-headed hydra

Skill      XL: |  1  2  3  4  5  6  7  8  9 10 |
---------------+-------------------------------+-----
Fire Magic     | 3 4 5 6 7 |  7.5
Dodging        | 2 3 5 |  5.9
Stealth        | 2 3 |  3.8
Conjurations   | 2 3 4 5 7 |  7.5
Spellcasting   | 3 4 5 6 7 |  7.3
Short Blades   | 1 |  1.4
Fighting       | 1 2 |  2.0
Air Magic      | 1 |  1.4
Invocations    | |  0.6

Action                   |  1- 3 |  4- 6 |  7- 9 | 10-12 || total
-------------------------+-------+-------+-------+-------++-------
Melee: Short sword       |    68 |    24 |    88 |     4 ||   184
       Headbutt          |     5 |       |     7 |     1 ||    13
 Cast: Flame Tongue      |    44 |    73 |    82 |    36 ||   235
       Throw Flame       |    11 |    44 |   153 |    14 ||   222
       Sticky Flame      |       |       |    24 |     7 ||    31
       Inner Flame       |       |       |     4 |       ||     4
       Shock             |       |       |    31 |       ||    31
Invok: Channel Energy    |       |       |     2 |     1 ||     3
       Forget Spell      |       |       |       |     1 ||     1
  Use: Potion            |     2 |     1 |     1 |     2 ||     6
       Scroll            |       |    10 |     5 |       ||    15
  Eat: Chunk             |     4 |     8 |     8 |     3 ||    23
       Fruit             |     1 |     1 |     1 |       ||     3
       Meat ration       |       |     1 |     1 |       ||     2
       Bread ration      |       |       |     2 |       ||     2
Armor: Robe              |    16 |     9 |    72 |    10 ||   107
Dodge: Dodged            |    53 |    33 |   174 |    28 ||   288
